TOP OF THE 1ST |
Richland Rails batting - Pitching for Asheville Highlanders : RHP Chris Plummerton
|
Pitching: RHP Chris Plummerton
|
|
Batting: LHB Orlando Casillas
|
0-0: Foul Ball, location: 2F 0-1: Foul Ball, location: 2F 0-2: Ball 1-2: Foul Ball, location: 2F 1-2: Ground out 4-3 (Groundball, 4)
|
Batting: RHB Christian Gentry
|
0-0: Ground out 5-3 (Groundball, 56)
|
Batting: RHB Alexandre Keeping
|
0-0: Ground out 6-3 (Groundball, 6M)
|
Top of the 1st over - 0 runs, 0 hits, 0 errors, 0 left on base; Richland 0 - Asheville 0 |
BOTTOM OF THE 1ST |
Asheville Highlanders batting - Pitching for Richland Rails : RHP Barney Starr
|
Pitching: RHP Barney Starr
|
|
Batting: RHB Esteban Olivo
|
0-0: Ball 1-0: Foul Ball, location: 2F 1-1: Foul Ball, location: 2F 1-2: Foul Ball, location: 2F 1-2: Ball 2-2: Strikes out swinging
|
Batting: LHB Tomás Valenzuela
|
0-0: Ball 1-0: Ball 2-0: Called Strike 2-1: Ball 3-1: Base on Balls
|
Batting: RHB Enrique Rocha
|
0-0: Fly out, F8 (Flyball, 8LM)
|
Batting: RHB Víctor Hernández
|
0-0: Called Strike Throwing error on steal attempt, E2 Tomás Valenzuela to third 0-1: Swinging Strike 0-2: Ball 1-2: Ground out 6-3 (Groundball, 6)
|
Bottom of the 1st over - 0 runs, 0 hits, 1 error, 1 left on base; Richland 0 - Asheville 0 |
TOP OF THE 2ND |
Richland Rails batting - Pitching for Asheville Highlanders : RHP Chris Plummerton
|
Batting: RHB Scott Ramsey
|
0-0: Ball 1-0: Foul Ball, location: 2F 1-1: Ball 2-1: Ball 3-1: Base on Balls
|
Batting: SHB Jorge Colón
|
0-0: Fly out, F7 (Flyball, 7S)
|
Batting: LHB Alistair Mix
|
0-0: Ball 1-0: DOUBLE (Line Drive, 78D) Scott Ramsey to third
|
Batting: RHB Tan Bal
|
0-0: Foul Ball, location: 2F 0-1: Swinging Strike 0-2: Ball 1-2: Fly out, F2 (Popup, 3SF)
|
Batting: RHB Spencer Lyng
|
0-0: Ball 1-0: Foul Ball, location: 2F 1-1: Ball 2-1: Swinging Strike 2-2: Foul Ball, location: 2F 2-2: Ball 3-2: Fly out, F9 (Flyball, 9D)
|
Top of the 2nd over - 0 runs, 1 hit, 0 errors, 2 left on base; Richland 0 - Asheville 0 |
BOTTOM OF THE 2ND |
Asheville Highlanders batting - Pitching for Richland Rails : RHP Barney Starr
|
Batting: RHB Gil Simmons
|
0-0: Foul Ball, location: 2F 0-1: Ball 1-1: Swinging Strike 1-2: Strikes out looking
|
Batting: RHB Mario Jacome
|
0-0: Swinging Strike 0-1: Reached on error, E5 (Groundball, 56S)
|
Batting: RHB Marshall Attwood
|
0-0: Called Strike 0-1: Ground out 5-3 (Groundball, 5S) Mario Jacome to third
|
Batting: RHB Ron Spence
|
0-0: Ball 1-0: Ball 2-0: Called Strike 2-1: Called Strike 2-2: Foul Ball, location: 2F 2-2: Ball 3-2: Fly out, F7 (Flyball, 78M)
|
Bottom of the 2nd over - 0 runs, 0 hits, 1 error, 1 left on base; Richland 0 - Asheville 0 |
TOP OF THE 3RD |
Richland Rails batting - Pitching for Asheville Highlanders : RHP Chris Plummerton
|
Batting: SHB Jesús Román
|
0-0: Ball 1-0: Swinging Strike 1-1: Called Strike 1-2: Strikes out swinging
|
Batting: LHB Orlando Casillas
|
0-0: Ball 1-0: Fly out, F8 (Flyball, 8LM)
|
Batting: RHB Christian Gentry
|
0-0: Called Strike 0-1: Called Strike 0-2: Ground out 5-3 (Groundball, 56)
|
Top of the 3rd over - 0 runs, 0 hits, 0 errors, 0 left on base; Richland 0 - Asheville 0 |
BOTTOM OF THE 3RD |
Asheville Highlanders batting - Pitching for Richland Rails : RHP Barney Starr
|
Batting: RHB Dan Parkinson
|
0-0: Foul Ball, location: 2F 0-1: Ball 1-1: Ground out 6-3 (Groundball, 6)
|
Batting: RHB Esteban Olivo
|
0-0: Ball 1-0: Ground out 6-3 (Groundball, 6)
|
Batting: LHB Tomás Valenzuela
|
0-0: Ball 1-0: Called Strike 1-1: Swinging Strike 1-2: Strikes out swinging
|
Bottom of the 3rd over - 0 runs, 0 hits, 0 errors, 0 left on base; Richland 0 - Asheville 0 |
TOP OF THE 4TH |
Richland Rails batting - Pitching for Asheville Highlanders : RHP Chris Plummerton
|
Batting: RHB Alexandre Keeping
|
0-0: Ball 1-0: Ball 2-0: SINGLE (Line Drive, 6D)
|
Batting: RHB Scott Ramsey
|
0-0: Foul Ball, location: 2F 0-1: Called Strike Alexandre Keeping steals 2nd base 0-2: Ball 1-2: Foul Ball, location: 2F 1-2: Fly out, F7 (Flyball, 7D)
|
Batting: SHB Jorge Colón
|
0-0: Ball 1-0: Foul Ball, location: 2F 1-1: Ball 2-1: Ball 3-1: SINGLE (Flyball, 7S) Alexandre Keeping to third
|
Batting: LHB Alistair Mix
|
0-0: Foul Ball, location: 2F 0-1: Ball 1-1: Swinging Strike 1-2: Ball 2-2: Ball 3-2: Foul Ball, location: 2F 3-2: Foul Ball, location: 2F 3-2: Fly out, F8 (Flyball, 8RS) Runner from 3rd tags up, SCORES, no throw
|
Batting: RHB Tan Bal
|
0-0: Ball 1-0: Ball 2-0: Called Strike 2-1: Foul Ball, location: 2F 2-2: Fielders Choice at 2nd, 5-4 (Groundball, 56)
|
Top of the 4th over - 1 run, 2 hits, 0 errors, 1 left on base; Richland 1 - Asheville 0 |
BOTTOM OF THE 4TH |
Asheville Highlanders batting - Pitching for Richland Rails : RHP Barney Starr
|
Batting: RHB Enrique Rocha
|
0-0: Ball 1-0: Foul Ball, location: 2F 1-1: Foul Ball, location: 2F 1-2: Ball 2-2: Ball 3-2: Ground out 5-3 (Groundball, 56)
|
Batting: RHB Víctor Hernández
|
0-0: Ball 1-0: Ball 2-0: Fly out, F8 (Flyball, 8RS)
|
Batting: RHB Gil Simmons
|
0-0: Ball 1-0: Foul Ball, location: 2F 1-1: Ball 2-1: Ground out 6-3 (Groundball, 6)
|
Bottom of the 4th over - 0 runs, 0 hits, 0 errors, 0 left on base; Richland 1 - Asheville 0 |
TOP OF THE 5TH |
Richland Rails batting - Pitching for Asheville Highlanders : RHP Chris Plummerton
|
Batting: RHB Spencer Lyng
|
0-0: Called Strike 0-1: Foul Ball, location: 2F 0-2: Fly out, F9 (Flyball, 9D)
|
Batting: SHB Jesús Román
|
0-0: Foul Ball, location: 2F 0-1: Ball 1-1: DOUBLE (Groundball, 3L)
|
Batting: LHB Orlando Casillas
|
0-0: Called Strike 0-1: Fly out, F7 (Flyball, 7LD)
|
Batting: RHB Christian Gentry
|
0-0: Foul Ball, location: 2F 0-1: Called Strike 0-2: Foul Ball, location: 2F 0-2: Ground out 1-3 (Groundball, P)
|
Top of the 5th over - 0 runs, 1 hit, 0 errors, 1 left on base; Richland 1 - Asheville 0 |
BOTTOM OF THE 5TH |
Asheville Highlanders batting - Pitching for Richland Rails : RHP Barney Starr
|
Batting: RHB Mario Jacome
|
0-0: Ball 1-0: Foul Ball, location: 2F 1-1: Ball 2-1: Foul Ball, location: 2F 2-2: Strikes out looking
|
Batting: RHB Marshall Attwood
|
0-0: Swinging Strike 0-1: Ball 1-1: Fly out, F8 (Flyball, 8RM)
|
Batting: RHB Ron Spence
|
0-0: Ball 1-0: Called Strike 1-1: Foul Ball, location: 2F 1-2: Ball 2-2: Foul Ball, location: 2F 2-2: SINGLE (Line Drive, 7LS)
|
Batting: RHB Dan Parkinson
|
0-0: Ball 1-0: Foul Ball, location: 2F 1-1: Foul Ball, location: 2F 1-2: Ball 2-2: Hit by Pitch Ron Spence to second
|
Batting: RHB Esteban Olivo
|
0-0: Called Strike 0-1: Ball 1-1: Ball 2-1: SINGLE (Flyball, 78M) Ron Spence to third Dan Parkinson to second Runner from 3rd tries for Home, throw and OUT!
|
Bottom of the 5th over - 0 runs, 2 hits, 0 errors, 2 left on base; Richland 1 - Asheville 0 |
TOP OF THE 6TH |
Richland Rails batting - Pitching for Asheville Highlanders : RHP Chris Plummerton
|
Batting: RHB Alexandre Keeping
|
0-0: Foul Ball, location: 2F 0-1: Ball 1-1: Foul Ball, location: 2F 1-2: Foul Ball, location: 2F 1-2: Foul Ball, location: 2F 1-2: Ground out 6-3 (Groundball, 6S)
|
Batting: RHB Scott Ramsey
|
0-0: Called Strike 0-1: Ball 1-1: SINGLE (Line Drive, 6MD)
|
Pitching: RHP Romano Martínez
|
|
Batting: SHB Jorge Colón
|
0-0: Swinging Strike 0-1: Foul Ball, location: 2F 0-2: Strikes out swinging
|
Batting: LHB Alistair Mix
|
0-0: Ball 1-0: Swinging Strike 1-1: 2-RUN HOME RUN (Flyball, 7LD), Distance : 378 ft
|
Batting: RHB Tan Bal
|
0-0: Swinging Strike 0-1: Foul Ball, location: 2F 0-2: Foul Ball, location: 2F 0-2: Ball 1-2: Strikes out looking
|
Top of the 6th over - 2 runs, 2 hits, 0 errors, 0 left on base; Richland 3 - Asheville 0 |
BOTTOM OF THE 6TH |
Asheville Highlanders batting - Pitching for Richland Rails : RHP Barney Starr
|
Batting: LHB Tomás Valenzuela
|
0-0: Ball 1-0: Ball 2-0: Ball 3-0: Called Strike 3-1: Fly out, F4 (Line Drive, 4)
|
Batting: RHB Enrique Rocha
|
0-0: Ball 1-0: Ball 2-0: Ground out 5-3 (Groundball, 56)
|
Batting: RHB Víctor Hernández
|
0-0: Ball 1-0: Ball 2-0: Called Strike 2-1: Ground out 5-3 (Groundball, 56S)
|
Bottom of the 6th over - 0 runs, 0 hits, 0 errors, 0 left on base; Richland 3 - Asheville 0 |
TOP OF THE 7TH |
Richland Rails batting - Pitching for Asheville Highlanders : RHP Romano Martínez
|
Batting: RHB Spencer Lyng
|
0-0: Called Strike 0-1: Ball 1-1: Fly out, F7 (Flyball, 78S)
|
Batting: SHB Jesús Román
|
0-0: Ball 1-0: Ball 2-0: Called Strike 2-1: Called Strike 2-2: Foul Ball, location: 2F 2-2: Foul Ball, location: 2F 2-2: Strikes out swinging
|
Batting: LHB Orlando Casillas
|
0-0: Called Strike 0-1: Ball 1-1: Called Strike 1-2: SINGLE (Line Drive, 8LS)
|
Batting: RHB Christian Gentry
|
0-0: Ball 1-0: Called Strike 1-1: Foul Ball, location: 2F 1-2: Fly out, F6 (Line Drive, 6)
|
Top of the 7th over - 0 runs, 1 hit, 0 errors, 1 left on base; Richland 3 - Asheville 0 |
BOTTOM OF THE 7TH |
Asheville Highlanders batting - Pitching for Richland Rails : RHP Barney Starr
|
Batting: RHB Gil Simmons
|
0-0: Ball 1-0: Foul Ball, location: 2F 1-1: Ground out 6-3 (Groundball, 6)
|
Pitching: RHP Russ Melton
|
|
Batting: RHB Mario Jacome
|
0-0: Ball 1-0: Fly out, F9 (Flyball, 9)
|
Batting: RHB Marshall Attwood
|
0-0: Ball 1-0: Ball 2-0: Ball 3-0: Base on Balls
|
Batting: RHB Ron Spence
|
0-0: Ball 1-0: Called Strike 1-1: Ball 2-1: Swinging Strike 2-2: Foul Ball, location: 2F 2-2: Fly out, F8 (Flyball, 8LXD)
|
Bottom of the 7th over - 0 runs, 0 hits, 0 errors, 1 left on base; Richland 3 - Asheville 0 |
TOP OF THE 8TH |
Richland Rails batting - Pitching for Asheville Highlanders : RHP Romano Martínez
|
Batting: RHB Alexandre Keeping
|
0-0: Ball 1-0: Swinging Strike 1-1: Ball 2-1: Swinging Strike 2-2: Ground out 5-3 (Groundball, 56S)
|
Batting: RHB Scott Ramsey
|
0-0: Called Strike 0-1: Ball 1-1: Called Strike 1-2: Ball 2-2: Ball 3-2: Fly out, F8 (Flyball, 8RM)
|
Batting: SHB Jorge Colón
|
0-0: Foul Ball, location: 2F 0-1: Called Strike 0-2: Strikes out swinging
|
Top of the 8th over - 0 runs, 0 hits, 0 errors, 0 left on base; Richland 3 - Asheville 0 |
BOTTOM OF THE 8TH |
Asheville Highlanders batting - Pitching for Richland Rails : RHP Russ Melton
|
Batting: RHB Dan Parkinson
|
0-0: Ball 1-0: Called Strike 1-1: Foul Ball, location: 2F 1-2: Ball 2-2: Foul Ball, location: 2F 2-2: SINGLE (Line Drive, 6MD)
|
Batting: RHB Esteban Olivo
|
0-0: Called Strike 0-1: Ball 1-1: SINGLE (Groundball, 5) (infield hit) Dan Parkinson to second
|
Batting: LHB Tomás Valenzuela
|
0-0: Ball 1-0: Foul Ball, location: 2F 1-1: Ball 2-1: Foul Ball, location: 2F 2-2: Foul Ball, location: 2F 2-2: Ball 3-2: Strikes out swinging
|
Batting: RHB Enrique Rocha
|
0-0: Foul Ball, location: 2F 0-1: Ball 1-1: Fly out, F8 (Line Drive, 8LD) Runner from 2nd tags up, SAFE at 3rd with throw
|
Batting: RHB Víctor Hernández
|
0-0: Ball 1-0: Ball 2-0: Fielders Choice at 2nd, 5-4 (Groundball, 56)
|
Bottom of the 8th over - 0 runs, 2 hits, 0 errors, 2 left on base; Richland 3 - Asheville 0 |
TOP OF THE 9TH |
Richland Rails batting - Pitching for Asheville Highlanders : RHP Romano Martínez
|
Batting: LHB Alistair Mix
|
0-0: Foul Ball, location: 2F 0-1: Bunt missed! 0-2: Foul Ball, location: 2F 0-2: Ball 1-2: Ball 2-2: Ball 3-2: Ground out 6-3 (Groundball, 6M)
|
Batting: RHB Tan Bal
|
0-0: DOUBLE (Line Drive, 7LD)
|
Batting: RHB Spencer Lyng
|
0-0: Foul Ball, location: 2F 0-1: Swinging Strike 0-2: Strikes out swinging
|
Batting: SHB Jesús Román
|
0-0: Swinging Strike 0-1: Called Strike 0-2: Strikes out swinging
|
Top of the 9th over - 0 runs, 1 hit, 0 errors, 1 left on base; Richland 3 - Asheville 0 |
BOTTOM OF THE 9TH |
Asheville Highlanders batting - Pitching for Richland Rails : RHP Russ Melton
|
Pitching: LHP Jorge Mejía
|
|
Batting: RHB Gil Simmons
|
0-0: Foul Ball, location: 2F 0-1: Ball 1-1: Foul Ball, location: 2F 1-2: Strikes out swinging
|
Batting: RHB Mario Jacome
|
0-0: Called Strike 0-1: Ball 1-1: Ball 2-1: Fly out, F8 (Flyball, 8LD)
|
Batting: RHB Marshall Attwood
|
0-0: Called Strike 0-1: Ball 1-1: Swinging Strike 1-2: Strikes out swinging
|
Bottom of the 9th over - 0 runs, 0 hits, 0 errors, 0 left on base; Richland 3 - Asheville 0 |
|